 Dungeon Crawl Stone Soup version 0.29-a0-284-gf9362112df (webtiles) character file.

Game seed: 9721579682600152010

67 flyleaff the Grave Robber (level 3, -1/24 HPs)
             Began as a Demonspawn Necromancer on Mar 16, 2022.
             Was a Believer of Cheibriados.
             Slain by a gnoll
             ... wielding a +1 flail of holy wrath
              (2 damage)
             ... on level 2 of the Dungeon.
             The game lasted 00:05:17 (1649 turns).

flyleaff the Grave Robber (Demonspawn Necromancer)  Turns: 1649, Time: 00:05:17

Health: -1/24      AC:  2    Str: 12    XL:     3   Next: 98%
Magic:  7/7        EV: 12    Int: 22    God:    Cheibriados [**....]
Gold:   57         SH:  0    Dex: 17    Spells: 4/8 levels left

rFire   . . .      SeeInvis .   c - +0 dagger
rCold   . . .      Faith    .   (no shield)
rNeg    . . .      Spirit   .   a - +0 robe
rPois   .          Reflect  .   (no helmet)
rElec   .          Harm     .   (no cloak)
rCorr   .          Rampage  .   (no gloves)
Will    .....                   (no boots)
Stlth   ++........              (no amulet)
HPRegen 0.08/turn               (no ring)
MPRegen 0.10/turn               (no ring)

@: very slow
A: hooves 1, spiny 1
a: Renounce Religion, Bend Time


You were on level 2 of the Dungeon.
You worshipped Cheibriados.
Cheibriados was pleased with you.
You visited 1 branch of the dungeon, and saw 2 of its levels.

You collected 57 gold pieces.

Inventory:

Hand Weapons
 c - a +0 dagger (weapon)
Missiles
 h - 6 poisoned darts
Armour
 a - a +0 robe (worn)
Scrolls
 g - a scroll of magic mapping {unknown}
 i - a scroll of identify {unknown}
Potions
 b - a potion of magic
 d - a potion of mutation {unknown}
 e - 2 potions of curing {unknown}
 f - a potion of ambrosia {unknown}
 j - a potion of haste {unknown}
 k - 2 potions of cancellation {unknown}


   Skills:
 - Level 1.9 Dodging
 - Level 1.7 Stealth
 * Level 3.1 Spellcasting
 + Level 0.8 Summonings
 + Level 5.0 Necromancy


You had 4 spell levels left.
You knew the following spells:

 Your Spells              Type           Power      Damage    Failure   Level
a - Pain                  Necr           100%       1d9       1%          1
b - Call Canine Familiar  Summ           7%         N/A       26%         3

Your spell library contained the following spells:

 Spells                   Type           Power      Damage    Failure   Level
 Animate Skeleton         Necr           50%        N/A       1%          1
 Vampiric Draining        Necr           25%        2d7       4%          3
 Summon Small Mammal      Summ           28%        N/A       9%          1
 Animate Dead             Necr           12%        N/A       16%         4
 Summon Guardian Golem    Hex/Summ       5%         N/A       30%         3
 Dazzling Flash           Conj/Hex       6%         N/A       36%         3
 Iskenderun's Mystic Bla  Conj/Tloc      3%         2d3       77%         4
 Agony                    Necr           25%        N/A       38%         5
 Conjure Ball Lightning   Conj/Air       1%         3x3d6     100%        6
 Starburst                Conj/Fire      1%         6d3       100%        6
 Discord                  Hex            1%         N/A       100%        8
 Disjunction              Tloc           1%         N/A       100%        8


Dungeon Overview and Level Annotations

Branches:
Dungeon (2/15)

Altars:
Cheibriados


Innate Abilities, Weirdness & Mutations

You have large cloven feet.
You are partially covered in sharp spines.


Message History

You closely miss the goblin. You kick the goblin.
The goblin is severely wounded.
A gnoll comes into view.
It is wielding a +1 flail of holy wrath.
An endoplasm comes into view.
The goblin hits you with a +0 club.
The endoplasm quivers.
You hit the goblin.
You kill the goblin!
Cheibriados appreciates the change of pace.
You hit the gnoll. You kick the gnoll.
The gnoll is heavily wounded.
The gnoll is struck by your spines. The gnoll barely misses you.
You closely miss the gnoll. You kick the gnoll.
The gnoll is severely wounded.
The gnoll hits you with a +0 whip.
You hit the gnoll.
The gnoll is severely wounded.
The gnoll hits you with a +0 whip.
You hit the gnoll.
You kill the gnoll!
Cheibriados appreciates the change of pace.
You hit the endoplasm but do no damage.
A gnoll comes into view. It is wielding a +0 spear.
The endoplasm is struck by your spines. The endoplasm hits you.
You hit the endoplasm.
You kill the endoplasm!
Cheibriados thoroughly appreciates the change of pace.
Cheibriados raises the support of your attributes as your movement slows.
The gnoll attacks as you move away!
The gnoll hits you with a +1 flail of holy wrath!
* * * LOW HITPOINT WARNING * * *
You convulse.
* * * LOW HITPOINT WARNING * * *
The gnoll barely misses you.
A jackal comes into view.
The jackal barks!
The gnoll hits you with a +1 flail of holy wrath.
* * * LOW HITPOINT WARNING * * *
You convulse.
You die...

##.##.##.#####<..# .
....#.##.# #...#####.#
##..#.##.# #...#...#.####
##.†#.##.#####.............
.........#..........g..#
.#.....................#
.........#.............#
##.##.##.#####...g.....#
#.##.##.# #..@#...#....
#....##.# #.#.########.#
#†#####.# #...# # #.#####.#
##.## #........ ..#
#.######. ##.# ##.# . ...
.†.# .h ####


You could see 2 gnolls and a jackal (wandering).

Vanquished Creatures
  A gnoll (D:2)
  An adder (D:2)
  A dart slug (D:2)
  4 bats
  5 endoplasms
  4 giant cockroaches
  7 goblins
  7 hobgoblins (D:1)
  2 quokkas (D:1)
  4 frilled lizards
  2 kobolds (D:1)
  4 rats
42 creatures vanquished.

Notes
Turn   | Place    | Note
-------+----------+-------------------------------------------
     0 | D:1      | flyleaff the Demonspawn Necromancer began the quest for the
                  | Orb.
     0 | D:1      | Reached XP level 1. HP: 13/13 MP: 3/3
   349 | D:1      | Gained mutation: You have large cloven feet. [demonic
                  | ancestry]
   349 | D:1      | Reached XP level 2. HP: 17/19 MP: 1/5
   890 | D:1      | Found a faded altar of an unknown god.
   915 | D:1      | Gained mutation: You are partially covered in sharp spines.
                  | [demonic ancestry]
   915 | D:1      | Reached XP level 3. HP: 13/24 MP: 1/7
   931 | D:1      | Prayed at the altar of an unknown god.
   931 | D:1      | Became a worshipper of Cheibriados the Contemplative
   931 | D:1      | Reached * piety under Cheibriados
   936 | D:1      | Learned a level 3 spell: Call Canine Familiar
  1606 | D:2      | Reached skill level 5 in Necromancy
  1646 | D:2      | Reached ** piety under Cheibriados
  1649 | D:2      | HP: 1/24 [gnoll/+1 flail of holy wrath (5)]
  1649 | D:2      | Slain by a gnoll

Illustrated notes

Levels and vault maps discovered:
D:1:      dpeg_arrival_pits, layout_loops_cross,
          shapermc_ecumenical_altar_notcrosses
D:2:      layout_loops_cross, basic_altar

Skill      XL: |  1  2  3 |
---------------+----------+-----
Spellcasting   | 3 |  3.1
Necromancy     | 5 |  5.0
Dodging        | |  1.9
Stealth        | |  1.7
Summonings     | |  0.8

Action                   || total
-------------------------++-------
Melee: Dagger            ||    32
       Kick              ||     5
 Cast: Pain              ||    53
 Stab: Sleeping          ||     2
Armor: Robe              ||     8
Dodge: Dodged            ||    33

Table legend: (Time is in decaauts)
 A = Elapsed time spent in this place.
 B = Non-inter-level travel time spent in this place.
 C = Inter-level travel time spent in this place.
 D = Time resting spent in this place.
 E = Time spent auto-exploring this place.
 F = Levels seen in this place.
 G = Mean time per level.
                   A        B        C        D        E       F      G
               +--------+--------+--------+--------+--------+-----+--------+
         Total |   1802 |   1770 |     32 |     62 |   1446 |   2 |  901.0 |
       Dungeon |   1802 |   1770 |     32 |     62 |   1446 |   2 |  901.0 |
               +--------+--------+--------+--------+--------+-----+--------+

Top non-repeatable levels by time:
     D:1: 1454 daAuts
     D:2: 347 daAuts
